 Dungeon Crawl Stone Soup version 0.26.1-11-gd32895ea62 (webtiles) character file.

Game seed: 150917776430234535

88 Zeld the Grasshopper (level 4, 0/29 HPs)
             Began as an Octopode Warper on May 17, 2021.
             Hit by a stone thrown by a kobold (1 damage)
             ... on level 3 of the Dungeon.
             The game lasted 00:05:41 (3031 turns).

Zeld the Grasshopper (Octopode Warper)              Turns: 3031, Time: 00:05:41

Health: 0/29       AC:  1    Str: 11    XL:     4   Next: 54%
Magic:  7/7        EV: 13    Int: 15    God:
Gold:   50         SH:  0    Dex: 11    Spells: 3/8 levels left

rFire    . . .     SeeInvis .   e - +0 mace
rCold    . . .     Faith    .   (no shield)
rNeg     . . .     Spirit   .   (helmet restricted)
rPois    .         Reflect  .   (no amulet)
rElec    .         Harm     .   (no ring)
rCorr    .         Rampage  .   (no ring)
Will     .....                  (no ring)
Stlth    ++........             (no ring)
HPRegen  0.09/turn              (no ring)
MPRegen  0.10/turn              (no ring)
                                (no ring)
                                (no ring)

@: lethally poisoned (0 -> -13)
A: almost no armour, stealthy swim, amphibious, 8 rings, constrict 8, camouflage
1, gelatinous body 1
a: no special abilities


You were on level 3 of the Dungeon.
You visited 1 branch of the dungeon, and saw 3 of its levels.

You collected 50 gold pieces.

Inventory:

Hand Weapons
 a - a +0 mace
 e - a +0 mace (weapon)
Missiles
 h - 3 boomerangs (quivered)
 v - 5 boomerangs of dispersal
Jewellery
 g - a +4 ring of evasion {unknown}
Scrolls
 c - a scroll of blinking
 i - 2 scrolls of enchant weapon {unknown}
Potions
 b - a potion of attraction {unknown}
 d - a potion of heal wounds {unknown}
 f - a potion of flight {unknown}


   Skills:
 - Level 2.0 Fighting
 * Level 3.6 Maces & Flails
 - Level 1.0 Throwing
 - Level 2.3 Dodging
 + Level 2.6 Spellcasting
 + Level 3.6 Translocations


You had 3 spell levels left.
You knew the following spells:

 Your Spells              Type           Power        Failure   Level
a - Blink                 Tloc           N/A          7%          2
b - Gell's Gravitas       Tloc           6%           14%         3

Your spell library contained the following spells:

 Spells                   Type           Power        Failure   Level
 Lesser Beckoning         Tloc           6%           14%         3
 Teleport Other           Tloc           12%          14%         3
 Passage of Golubria      Tloc           N/A          43%         4


Dungeon Overview and Level Annotations

Branches:
Dungeon (3/15)

Altars:

Annotations:
D:3 Terence


Innate Abilities, Weirdness & Mutations

You cannot wear most types of armour.
You are very stealthy in the water. (Stealth+)
You are amphibious.
You can wear up to eight rings at the same time.
You can use your tentacles to constrict eight enemies at once.
Your skin changes colour to match your surroundings (Stealth+).
Your rubbery body absorbs attacks. (AC +1, EV +1)


Message History

You are more poisoned.
The adder poisons you! The kobold completely misses you.
Unknown command.
You are too injured to fight recklessly!
You are too injured to fight recklessly!
You are too injured to fight recklessly!
You are too injured to fight recklessly!
You barely miss the adder.
The adder is severely wounded.
You constrict the adder.
You feel sick. The adder bites you.
You are lethally poisoned!
The adder poisons you!
The kobold hits you with a +0 short sword.
* * * LOW HITPOINT WARNING * * *
The adder bites you.
* * * LOW HITPOINT WARNING * * *
You release your grip on the adder.
* * * LOW HITPOINT WARNING * * *
You feel sick.
The kobold throws a stone.
The stone hits you.
You die...

####.### ###
....... ....
....#.
....###....
..........
.<$.$....
....#.#.### #.
#..S.@.#
...#..K.#######
#.......(......
#####..(†#######
..........?..)..
####....[...####
#....<...#
#........#
#........#


You could see an adder and a kobold.

Vanquished Creatures
  An adder (D:2)
  4 worms
  2 dart slugs (D:1)
  3 leopard geckos
  An orc (D:3)
  2 giant cockroaches (D:1)
  5 goblins
  6 hobgoblins
  5 jackals
  A quokka (D:2)
  3 ball pythons
  11 bats
  4 frilled lizards
  5 kobolds
  4 rats
57 creatures vanquished.

Notes
Turn   | Place    | Note
-------+----------+-------------------------------------------
     0 | D:1      | Zeld the Octopode Warper began the quest for the Orb.
     0 | D:1      | Reached XP level 1. HP: 14/14 MP: 3/3
     6 | D:1      | Noticed a swamp drake
     6 | D:1      | Noticed a hog
     6 | D:1      | Noticed a swamp worm
     7 | D:1      | Noticed a polar bear
    71 | D:1      | Reached XP level 2. HP: 14/19 MP: 5/5
    74 | D:1      | Learned a level 2 spell: Blink
   802 | D:1      | Reached XP level 3. HP: 24/24 MP: 6/6
   806 | D:1      | Learned a level 3 spell: Gell's Gravitas
  1864 | D:2      | Reached XP level 4. HP: 29/29 MP: 7/7
  1911 | D:3      | Noticed Terence
  3030 | D:3      | HP: 1/29 [adder (3)]
  3031 | D:3      | Hit by a stone thrown by a kobold

Illustrated notes

Levels and vault maps discovered:
D:1:      onia_arrival_zoo_common, layout_loops_ring
D:2:      layout_basic, minmay_surrounded
D:3:      layout_basic, marbit_many_paths, kennysheep_decorative_pillar,
          minmay_cut_off, uniq_terence

Skill      XL: |  1  2  3 |
---------------+----------+-----
Maces & Flails | 3 |  3.6
Fighting       | |  2.0
Throwing       | |  1.0
Dodging        | |  2.3
Spellcasting   | |  2.6
Translocations | |  3.6

Action                   |  1- 3 |  4- 6 || total
-------------------------+-------+-------++-------
Melee: Mace              |    76 |    45 ||   121
       Constrict         |    23 |    10 ||    33
       Tentacles         |     8 |     4 ||    12
 Stab: Sleeping          |     8 |     1 ||     9
Armor: Skin              |     7 |     3 ||    10
Dodge: Dodged            |    45 |    44 ||    89
